 Dungeon Crawl Stone Soup version 0.28-a0-664-gc179e30c89 (webtiles) character file.

Game seed: 7446252260084216266

18 ytrimaz the Ducker (level 2, 0/21 HPs)
             Began as an Octopode Fighter on Oct 16, 2021.
             Slain by a frilled lizard (2 damage)
             ... on level 1 of the Dungeon.
             The game lasted 00:00:49 (625 turns).

ytrimaz the Ducker (Octopode Fighter)                Turns: 625, Time: 00:00:50

Health: 0/21       AC:  1    Str: 15    XL:     2   Next: 70%
Magic:  2/2        EV: 13    Int: 10    God:
Gold:   16         SH:  4    Dex: 11    Spells: 1/1 levels left

rFire   . . .      SeeInvis .   a - +0 rapier
rCold   . . .      Faith    .   b - +0 buckler
rNeg    . . .      Spirit   .   (helmet restricted)
rPois   .          Reflect  .   (no amulet)
rElec   .          Harm     .   (no ring)
rCorr   .          Rampage  .   (no ring)
Will    .....                   (no ring)
Stlth   ++........              (no ring)
HPRegen 0.07/turn               (no ring)
MPRegen 0.08/turn               (no ring)
                                (no ring)
                                (no ring)

@: mighty
A: almost no armour, amphibious, 8 rings, camouflage 1, gelatinous body 1,
(nimble swimmer 1), tentacles
a: no special abilities


You were on level 1 of the Dungeon.
You visited 1 branch of the dungeon, and saw 1 of its levels.

You collected 16 gold pieces.

Inventory:

Hand Weapons
 a - a +0 rapier (weapon)
Missiles
 d - 18 poisoned darts (quivered)
Armour
 b - a +0 buckler (worn)
Scrolls
 f - a scroll of immolation {unknown}
Potions
 e - a potion of degeneration {unknown}
 g - a potion of brilliance {unknown}
 h - a potion of flight {unknown}


   Skills:
 - Level 3.0 Fighting
 - Level 2.0 Short Blades
 * Level 3.4 Dodging
 * Level 3.4 Shields


You had one spell level left.
You didn't know any spells.
Your spell library was empty.

Dungeon Overview and Level Annotations

Branches:
Dungeon (1/15)

Altars:


Innate Abilities, Weirdness & Mutations

You cannot wear most types of armour.
You are amphibious.
You can wear up to eight rings at the same time.
Your skin changes colour to match your surroundings (Stealth+).
Your rubbery body absorbs attacks. (AC +1, EV +1)
((You are camouflaged near water. (Stealth+)))
You have tentacles for arms and can constrict up to eight enemies at once.


Message History

Your squeeze misses the frilled lizard.
An endoplasm comes into view.
The hobgoblin closely misses you. The frilled lizard closely misses you.
You barely miss the frilled lizard. Your grab misses the frilled lizard.
The hobgoblin misses you. The frilled lizard bites you.
Unknown command.
You barely miss the frilled lizard. Your grab misses the frilled lizard.
Your squeeze misses the frilled lizard. You block the hobgoblin's attack.
The frilled lizard closely misses you. The kobold hits you with a +0 whip.
You closely miss the frilled lizard. You grab the frilled lizard.
You constrict the frilled lizard.
The hobgoblin hits you but does no damage.
The frilled lizard bites you. The kobold hits you with a +0 whip.
Unknown command.
You release your grip on the frilled lizard.
The frilled lizard hisses.
You closely miss the hobgoblin. Your grab misses the hobgoblin.
The hobgoblin hits you. You block the hobgoblin's attack.
You hit the hobgoblin. Your grab misses the hobgoblin.
The hobgoblin is heavily wounded.
You block the hobgoblin's attack.
Unknown command.
The frilled lizard bites you. The kobold misses you.
You barely miss the kobold. Your grab misses the kobold.
Your squeeze misses the kobold. The kobold hits you with a +0 whip.
You barely miss the kobold. Your grab misses the kobold.
The kobold barely misses you.
The frilled lizard unfolds its giant frill.
You hit the kobold but do no damage. Your grab misses the kobold.
The kobold hits you with a +0 whip.
* * * LOW HITPOINT WARNING * * *
You hit the kobold.
You kill the kobold!
Unknown command.
You feel very mighty all of a sudden. The frilled lizard barely misses you.
You barely miss the frilled lizard. Your grab misses the frilled lizard.
You block the frilled lizard's attack. The frilled lizard bites you.
You die...

.... #...#.............#
....####...#.............#
...........#.............#
...........#..........(..#####
.............................#
...........#..l...............
.....>.......J..gl#####.......
...###.....######............# .
#≈#.#...#.@ll#............#
#≈#######.##g.............#
#≈≈≈###≈#.####............#
##≈≈#≈#≈##................#
#######≈#≈#≈≈≈≈####.............#
.....##≈#≈#≈≈≈≈#............)....
.....##≈#≈≈###≈#......####.....).
.....##≈##≈# #≈##.###.## ######..
.....##≈##≈# #≈≈##.....# #.#


You could see a hobgoblin and 2 frilled lizards.

Vanquished Creatures
  2 dart slugs (D:1)
  An endoplasm (D:1)
  3 goblins (D:1)
  A hobgoblin (D:1)
  2 ball pythons (D:1)
  A frilled lizard (D:1)
  4 kobolds (D:1)
  A rat (D:1)
15 creatures vanquished.

Notes
Turn   | Place    | Note
-------+----------+-------------------------------------------
     0 | D:1      | ytrimaz the Octopode Fighter began the quest for the Orb.
     0 | D:1      | Reached XP level 1. HP: 16/16 MP: 1/1
   224 | D:1      | Reached XP level 2. HP: 21/21 MP: 2/2
   625 | D:1      | Slain by a frilled lizard

Illustrated notes

Levels and vault maps discovered:
D:1:      arrival_zaba_pyramid, layout_basic, chequers_serial_rivers_large_b

Action                   || total
-------------------------++-------
Melee: Rapier            ||    27
       Constrict         ||     4
       Tentacles         ||     3
  Use: Potion            ||     1
 Stab: Sleeping          ||     5
Armor: Skin              ||     1
Dodge: Dodged            ||    13
Block: Buckler           ||     5

Table legend: (Time is in decaauts)
 A = Elapsed time spent in this place.
 B = Non-inter-level travel time spent in this place.
 C = Inter-level travel time spent in this place.
 D = Time resting spent in this place.
 E = Time spent auto-exploring this place.
 F = Levels seen in this place.
 G = Mean time per level.
                   A        B        C        D        E       F      G
               +--------+--------+--------+--------+--------+-----+--------+
         Total |    628 |    628 |      0 |      0 |    499 |   1 |  628.0 |
       Dungeon |    628 |    628 |      0 |      0 |    499 |   1 |  628.0 |
               +--------+--------+--------+--------+--------+-----+--------+

Top non-repeatable levels by time:
     D:1: 628 daAuts
